Match 42178751
Unlisted

Match 42178751
End
Royal Engineer Section
Construct Section Command Post
Selects Canadian Shock Battlegroup
Dingo Light Scout Car
Infantry Section
Infantry Section
Selects Attacking Spirit
Selects Canadian Shock Section
Canadian Shock Section
Construct Platoon Command Post
Selects Incendiary Munitions
Construct Field Infirmary
Humber Armored Car
Canadian Shock Section
Selects Pyrotechnics
OleOle
Grand.G
0
0

Comments sign in to comment!

No comments posted yet!